 Dungeon Crawl Stone Soup version 0.30-a0-272-gf98c3da03f (webtiles) character file.

Game seed: 13464616000939155725

14061 timneilson the Protected (level 12, -5/72 HPs)
             Began as a Gargoyle Fighter on Oct 10, 2022.
             Was a High Priest of Okawaru.
             Constricted to death by Jorgrun (15 damage)
             ... on level 13 of the Dungeon on Oct 15, 2022.
             The game lasted 00:30:40 (13680 turns).

timneilson the Protected (Gargoyle Fighter)        Turns: 13680, Time: 00:30:41

Health: -5/72      AC: 34    Str: 26    XL:     12   Next: 12%
Magic:  9/15       EV: 11    Int:  8    God:    Okawaru [*****.]
Gold:   81         SH: 13    Dex:  9    Spells: 11/11 levels left

rFire   + . .      SeeInvis .    t - +0 double sword (freeze)
rCold   . . .      Faith    .    c - +1 buckler
rNeg    + . .      Spirit   .    D - +2 plate armour {Will+}
rPois   ∞          Reflect  +    (no helmet)
rElec   +          Harm     .    z - +2 cloak
rCorr   .          Rampage  .    x - +0 pair of gloves
Will    +....                    p - +0 pair of boots
Stlth   ..........               r - amulet of reflection
HPRegen 0.32/turn                g - ring of protection from fire
MPRegen 0.14/turn                h - +4 ring of evasion

@: heroic, finesse-ful, grasped by roots, constricted
A: sickness immunity, AC +8, negative energy resistance 1, electricity
resistance, torment resistance 1, petrification resistance
a: Renounce Religion, Heroism, Finesse, Duel


You were on level 13 of the Dungeon.
You worshipped Okawaru.
Okawaru was extremely pleased with you.
You visited 2 branches of the dungeon, and saw 14 of its levels.

You collected 681 gold pieces.
You spent 600 gold pieces at shops.

Inventory:

Hand Weapons
 a - a +1 long sword
 t - a +0 double sword of freezing (weapon)
Armour
 c - a +1 buckler (worn)
 p - a +0 pair of boots (worn)
 x - a +0 pair of gloves (worn)
 z - a +2 cloak (worn)
 D - a +2 plate armour of willpower (worn)
Jewellery
 g - a ring of protection from fire (left hand)
 h - a +4 ring of evasion (right hand)
 q - a ring of willpower
 r - an amulet of reflection (around neck)
 v - a ring of flight
 I - a ring of protection from cold
Wands
 u - a wand of polymorph (11)
 w - a wand of acid (1)
 y - a wand of iceblast (3)
 A - a wand of flame (5)
 C - a wand of mindburst (5)
 F - a wand of digging (6)
Scrolls
 b - a scroll of blinking
 f - 6 scrolls of teleportation
 k - 2 scrolls of enchant weapon
Potions
 d - 6 potions of might
 e - 2 potions of resistance
 i - a potion of ambrosia
 j - 5 potions of brilliance
 l - 2 potions of curing
 m - a potion of magic
 n - 3 potions of flight
 o - 3 potions of invisibility
 s - 4 potions of lignification
 B - a potion of cancellation
 G - a potion of attraction
Miscellaneous
 E - a lightning rod (4/4)


   Skills:
 + Level 7.6(12.6) Fighting
 * Level 8.4(13.4) Long Blades
 * Level 10.5(15.5) Armour
 + Level 5.1(10.1) Dodging
 * Level 10.4(15.4) Shields
 + Level 5.1 Invocations
 + Level 5.0 Evocations


You had 11 spell levels left.
You didn't know any spells.
Your spell library contained the following spells:

 Spells                   Type           Power      Damage    Failure   Level
 Freeze                   Ice            0%         1d3       97%         1
 Blink                    Tloc           0%         N/A       99%         2
 Ensorcelled Hibernation  Hex/Ice        0%         N/A       99%         2
 Momentum Strike          Conj/Tloc      0%         3d8       99%         2
 Passwall                 Tmut/Erth      0%         N/A       99%         2
 Frozen Ramparts          Ice            0%         1d1       100%        3
 Hailstorm                Conj/Ice       0%         3d3       100%        3
 Lesser Beckoning         Tloc           0%         N/A       100%        3
 Portal Projectile        Hex/Tloc       0%         N/A       100%        3
 Spider Form              Tmut/Pois      0%         N/A       100%        3
 Swiftness                Air            0%         N/A       100%        3
 Anguish                  Hex/Necr       0%         N/A       100%        4
 Leda's Liquefaction      Hex/Erth       0%         N/A       100%        4
 Call Canine Familiar     Summ           Unusable   N/A       N/A         3

Dungeon Overview and Level Annotations

Branches:
Dungeon (13/15)            Temple (1/1) D:6            Lair (0/5) D:11
    Orc (0/2) D:11
 Vaults: D:13-14

Altars:
Ashenzari
Cheibriados
Dithmenos
Elyvilon
Fedhas
Gozag
Hepliaklqana
Kikubaaqudgha
Makhleb
Nemelex Xobeh
Okawaru
Qazlal
Ru
Sif Muna
Trog
Uskayaw
Vehumet
Wu Jian
Xom
Yredelemnul
Zin
The Shining One

Shops:
D:12 [

Annotations:
D:13 Jorgrun


Innate Abilities, Weirdness & Mutations

You are immune to sickness and miasma.
Your stone body is resilient. (AC +8)
You are immune to poison.
You resist negative energy. (rN+)
You are resistant to electric shocks. (rElec)
You are resistant to unholy torment.
You are immune to petrification.


Message History

You easily resist.
The grasping roots constrict you!
You slash Jorgrun! You freeze Jorgrun.
Jorgrun is lightly wounded.
You closely miss Jorgrun.
Jorgrun is lightly wounded.
You closely miss Jorgrun.
Jorgrun is lightly wounded.
Jorgrun closely misses you. The grasping roots constrict you!
You block the troll's attack. x2; The troll claws you but does no damage.
Unknown command.
Okay, then.
Aiming: Corrosive Bolt
Press: ? - help, Shift-Dir - straight line, f - Jorgrun
Aim: Jorgrun, wielding a staff of earth and wearing a +0 robe (lightly wounded, 57% to hit)
The bolt of acid hits Jorgrun!
Jorgrun is moderately wounded.
The troll barely misses you. The troll claws you.
The troll claws you but does no damage. Jorgrun casts a spell next to you.
The wall shatters!
The blast of rock fragments hits you. The grasping roots constrict you.
* * * LOW HITPOINT WARNING * * *
That's the wrong kind of item! (Use * to select it.) Evoke which item? (* to show all) (? for menu, Esc to quit)
Aiming: Corrosive Bolt
Press: ? - help, Shift-Dir - straight line, f/p - Jorgrun
Aim: Jorgrun, wielding a staff of earth and wearing a +0 robe (moderately wounded, 57% to hit)
The bolt of acid hits Jorgrun.
The acid corrodes Jorgrun!
Jorgrun is moderately wounded.
Jorgrun casts a spell at you.
You easily resist.
The grasping roots constrict you!
* * * LOW HITPOINT WARNING * * *
The troll closely misses you. x2; You block the troll's attack.
Aiming: Corrosive Bolt
Press: ? - help, Shift-Dir - straight line, f/p - Jorgrun
Aim: Jorgrun, wielding a staff of earth and wearing a +0 robe (moderately wounded, covered in acid, 57% to hit)
The bolt of acid misses Jorgrun.
The troll bites you but does no damage. The troll claws you but does no damage.
The troll closely misses you. Jorgrun barely misses you.
The grasping roots constrict you!
You die...

#############
#...........#
#...........#
#...........#
#...........+
#.....T.....#
#.....g@....#
#######'#####
#.# #.# #.#
#.# #.# #.#
#.#


You could see Jorgrun (corroded) and a troll.

Vanquished Creatures
  Josephine (D:11)
  A boulder beetle (D:11)
  2 two-headed ogres
  An orc knight (D:11)
  A manticore (D:12)
  An ugly thing (D:10)
  2 cyclopes (D:11)
  Joseph (D:9)
  3 trolls
  A hornet (D:9)
  2 shadows
  A vampire (D:7)
  7 wraiths (D:11)
  6 yaks (D:11)
  A steam dragon (D:7)
  4 vampire mosquitoes (D:11)
  2 wargs
  2 water moccasins
  An acid dragon (D:11)
  5 orc warriors
  2 sky beasts (D:6)
  An ice beast (D:6)
  The ghost of drewk1942 the Cudgeller, an amateur MiFi (D:6)
  A black bear (D:4)
  4 ogres
  2 centaurs
  A phantom (D:7)
  A necrophage (D:6)
  4 kobold brigands
  6 bullfrogs
  5 scorpions
  27 killer bees
  4 howler monkeys
  3 hounds
  2 jellies
  7 orc priests
  2 iguanas (D:5)
  16 orc wizards
  3 gnolls (D:7)
  5 adders
  4 white imps
  2 ufetubi (D:5)
  2 worms
  2 dart slugs
  52 orcs
  9 bats
  6 endoplasms
  A giant cockroach (D:1)
  2 goblins
  8 hobgoblins
  6 jackals
  12 quokkas
  3 ball pythons (D:3)
  4 frilled lizards
  28 kobolds
  2 rats
285 creatures vanquished.

Vanquished Creatures (others)
  Maurice (D:9)
  A kobold brigand (D:10)
  An orc (D:9)
  2 kobolds (D:7)
5 creatures vanquished.

Grand Total: 290 creatures vanquished

Notes
Turn   | Place    | Note
-------+----------+-------------------------------------------
     0 | D:1      | timneilson the Gargoyle Fighter began the quest for the
                  | Orb.
     0 | D:1      | Reached XP level 1. HP: 14/14 MP: 1/1
   201 | D:1      | Reached XP level 2. HP: 11/19 MP: 2/2
   533 | D:1      | Found a faded altar of an unknown god.
   969 | D:2      | Reached XP level 3. HP: 23/23 MP: 3/3
  1605 | D:2      | Reached XP level 4. HP: 24/28 MP: 4/4
  2185 | D:3      | Reached XP level 5. HP: 14/33 MP: 5/5
  2212 | D:2      | Reached skill level 1 in Dodging
  2874 | D:4      | Noticed a black bear
  2884 | D:4      | Killed a black bear
  2885 | D:4      | Reached XP level 6. HP: 22/38 MP: 6/6
  3178 | D:4      | Reached skill level 5 in Armour
  3178 | D:4      | Reached skill level 5 in Shields
  3240 | D:4      | Reached XP level 7. HP: 41/43 MP: 7/7
  3336 | D:4      | Identified the +6 dire flail of Mana {vorpal, +Blink rF++
                  | rCorr Stlth+}
  3802 | D:4      | Found an ornate altar of the Wu Jian Council.
  3802 | D:4      | Found a blossoming altar of Fedhas.
  3844 | D:5      | Entered Level 5 of the Dungeon
  4106 | D:5      | Found a radiant altar of Vehumet.
  4299 | D:5      | Reached XP level 8. HP: 48/48 MP: 8/8
  4564 | D:5      | Reached skill level 1 in Evocations
  4620 | D:5      | Found a glowing silver altar of Zin.
  4916 | D:6      | Found a staircase to the Ecumenical Temple.
  5283 | D:6      | Found a runed translucent door.
  5372 | D:6      | Reached skill level 5 in Fighting
  5537 | D:6      | Reached skill level 5 in Long Blades
  5632 | D:6      | Reached XP level 9. HP: 41/54 MP: 9/9
  5822 | D:6      | Noticed drewk1942's ghost (amateur MiFi)
  5937 | D:6      | Killed drewk1942's ghost
  5953 | D:6      | Identified a scroll of acquirement
  5953 | D:6      | Acquired a +0 double sword of freezing
  6042 | Temple   | Entered the Ecumenical Temple
  6050 | Temple   | Became a worshipper of Warmaster Okawaru
  6501 | D:7      | Reached skill level 1 in Invocations
  6698 | D:7      | Reached * piety under Okawaru
  7431 | D:8      | Noticed a two-headed ogre
  7440 | D:8      | Killed a two-headed ogre
  7441 | D:8      | Reached XP level 10. HP: 48/60 MP: 9/11
  8103 | D:9      | Reached ** piety under Okawaru
  8505 | D:9      | Noticed Maurice
  8522 | D:9      | Killed Maurice
  9043 | D:9      | Noticed Joseph
  9059 | D:9      | Killed Joseph
  9239 | D:10     | Entered Level 10 of the Dungeon
  9493 | D:10     | Reached *** piety under Okawaru
  9644 | D:10     | You fall into a shaft and drop 2 floors!
  9644 | D:12     | Found Jeolysami's Armour Shop.
  9807 | D:11     | Noticed a red ugly thing
 10088 | D:10     | Reached XP level 11. HP: 66/66 MP: 13/13
 10101 | D:10     | Upgraded the game from 0.30-a0-241-g1121274140 to
                  | 0.30-a0-272-gf98c3da03f
 10481 | D:10     | Killed a red ugly thing
 10682 | D:11     | Found a staircase to the Lair.
 10732 | D:11     | Noticed Josephine
 10761 | D:11     | Killed Josephine
 10761 | D:11     | Reached **** piety under Okawaru
 11286 | D:11     | Received a gift from Okawaru
 11323 | D:11     | Noticed an orc knight
 11352 | D:11     | Killed an orc knight
 11476 | D:11     | Noticed a cyclops
 11479 | D:11     | Noticed a two-headed ogre
 11505 | D:11     | Reached skill level 10 in Armour
 11513 | D:11     | Killed a cyclops
 11514 | D:11     | Reached skill level 10 in Shields
 11520 | D:11     | Reached ***** piety under Okawaru
 11530 | D:11     | Killed a two-headed ogre
 11744 | D:11     | Noticed a boulder beetle
 11802 | D:11     | Killed a boulder beetle
 11803 | D:11     | Reached skill level 5 in Dodging
 11981 | D:11     | Reached XP level 12. HP: 64/72 MP: 15/15
 12090 | D:11     | Found a staircase to the Orcish Mines.
 12167 | D:11     | Reached skill level 5 in Invocations
 12602 | D:12     | Bought a +2 plate armour of willpower for 600 gold pieces
 13191 | D:12     | Reached skill level 5 in Evocations
 13665 | D:13     | Noticed Jorgrun
 13680 | D:13     | Constricted to death by Jorgrun

Illustrated notes

Levels and vault maps discovered:
D:1:      dpeg_arrival_round_c, layout_basic, basic_ecumenical_altar
D:2:      layout_loops_cross, wander_ebering_terrifying_dragon_lair
D:3:      layout_loops_ring
D:4:      layout_loops_ring, gammafunk_temple_overflow_pools
D:5:      layout_gridville, nicolae_vehumet_altar_sigil, zin_statuary,
          hangedman_decor_peaks_small, minmay_misc_feat_rows,
          serial_bayou_pond_a, minmay_puff
D:6:      layout_cave_pods, minmay_temple_entry_from_below_b,
          ebering_ghost_sewer_d
D:7:      layout_rooms
D:8:      layout_loops_ring
D:9:      layout_irregular_city, uniq_maurice, uniq_joseph
D:10:     layout_roguey
D:11:     layout_loops_corners, erik_lair_orcish_takeover, david_orc_2,
          minmay_between, uniq_josephine
D:12:     layout_grid_maze, serial_shops, shop
D:13:     layout_roguey, serial_park_tiny_1, fedhas_altar_1, uniq_jorgrun
Temple:   eino_narrow_crystal_temple

Skill      XL: |  1  2  3  4  5  6  7  8  9 10 11 12 |
---------------+-------------------------------------+-----
Long Blades    | 2 3 4 5 6 7 8 |  8.4
Shields        | 4 5 6 8 9 10 | 10.4
Armour         | 4 5 6 8 9 10 | 10.5
Dodging        | 1 2 3 4 5 |  5.1
Fighting       | 4 5 6 7 |  7.6
Evocations     | 1 3 4 5 |  5.0
Invocations    | 2 3 4 5 |  5.1

Action                   |  1- 3 |  4- 6 |  7- 9 | 10-12 || total
-------------------------+-------+-------+-------+-------++-------
Melee: Long sword        |   155 |   215 |   373 |       ||   743
       Double sword      |       |       |   248 |   797 ||  1045
Invok: Heroism           |       |       |     1 |    15 ||    16
       Finesse           |       |       |       |     2 ||     2
Evoke: Wand              |       |       |       |     7 ||     7
  Use: Scroll            |     1 |     4 |    11 |     6 ||    22
       Potion            |       |       |     3 |     4 ||     7
Armor: Scale mail        |    85 |    99 |       |       ||   184
       Chain mail        |       |    47 |   425 |   105 ||   577
       Plate armour      |       |       |       |   214 ||   214
Dodge: Dodged            |    85 |   122 |   420 |   304 ||   931
Block: Buckler           |    30 |    71 |   499 |   457 ||  1057
       Reflection        |       |       |     4 |    11 ||    15

Table legend: (Time is in decaauts)
 A = Elapsed time spent in this place.
 B = Non-inter-level travel time spent in this place.
 C = Inter-level travel time spent in this place.
 D = Time resting spent in this place.
 E = Time spent auto-exploring this place.
 F = Levels seen in this place.
 G = Mean time per level.
                   A        B        C        D        E       F      G
               +--------+--------+--------+--------+--------+-----+--------+
         Total |  14037 |  13667 |    370 |    910 |   8676 |  14 | 1002.6 |
       Dungeon |  13850 |  13493 |    357 |    910 |   8520 |  13 | 1065.4 |
        Temple |    186 |    173 |     13 |      0 |    156 |   1 |  186.0 |
               +--------+--------+--------+--------+--------+-----+--------+

Top non-repeatable levels by time:
    D:11: 1685 daAuts
     D:6: 1575 daAuts
    D:10: 1519 daAuts
    D:12: 1210 daAuts
     D:9: 1178 daAuts
     D:2: 1027 daAuts
     D:4: 1023 daAuts
     D:7: 982 daAuts
     D:1: 976 daAuts
     D:5: 966 daAuts
     D:3: 939 daAuts
     D:8: 686 daAuts
  Temple: 186 daAuts
    D:13: 77 daAuts
